 Dungeon Crawl Stone Soup version 0.31-a0-836-g3ceb0a68c4 (webtiles) character file.

Game seed: 9998305250760445125

14409 Shayle the Umbral (level 11, -1/86 HPs)
             Began as a Demonspawn Reaver on Sept 26, 2023.
             Was an Elder of Dithmenos.
             Shot with an arrow by a centaur (8 damage)
             ... on level 10 of the Dungeon.
             The game lasted 00:34:49 (9500 turns).

Shayle the Umbral (Demonspawn Reaver)               Turns: 9500, Time: 00:34:50

Health: -1/86      AC: 10    Str: 12    XL:     11   Next: 88%
Magic:  23/23      EV: 10    Int: 24    God:    Dithmenos [****..]
Gold:   574        SH:  5    Dex: 13    Spells: 13/14 levels left

rFire   . . .        l - +9 triple crossbow of Taga {flame, rC+ Int+3 SInv}
rCold   + + .        (shield currently unavailable)
rNeg    . . .        y - +0 ring mail
rPois   .            H - +1 helmet {Int+3}
rElec   .            (cloak unavailable)
rCorr   .            h - +1 pair of gloves
SInv    +            (no boots)
Will    .....        s - amulet of reflection
Stlth   +            f - ring of protection from cold
HPRegen 0.34/turn    (no ring)
MPRegen 0.18/turn

%: reflection
@: wreathed by umbra
A: rugged brown scales 1, foul stench 2, demonic magic 1, weakness stinger 3
a: Renounce Religion, Shadow Step


You were on level 10 of the Dungeon.
You worshipped Dithmenos.
Dithmenos was greatly pleased with you.
You visited 2 branches of the dungeon, and saw 11 of its levels.
You also visited: Ossuary.

You collected 646 gold pieces.
You spent 72 gold pieces at shops.

Inventory:

Hand Weapons
 a - a +0 spear
 l - the +9 triple crossbow of Taga (weapon) {flame, rC+ Int+3 SInv}
   (You found it on level 3 of the Dungeon)

   Int+3:     It affects your intelligence (+3).
   rC+:       It protects you from cold.
   SInv:      It lets you see invisible.
 A - a +1 scimitar of flaming
 I - a +2 whip of electrocution
Missiles
 c - 2 atropa-tipped darts
 j - 6 silver javelins
Armour
 b - a +0 leather armour
 h - a +1 pair of gloves (worn)
 y - a +0 ring mail (worn)
 D - a +0 cloak
 H - a +1 helmet of intelligence (worn)
Jewellery
 e - a ring of fire
 f - a ring of protection from cold (left hand)
 g - an amulet of regeneration
 s - an amulet of reflection (around neck)
 x - a ring of protection from cold
Wands
 o - a wand of iceblast (14)
 v - a wand of flame (53)
 z - a wand of digging (1)
Scrolls
 m - 3 scrolls of poison
 n - 2 scrolls of enchant weapon
 p - 2 scrolls of vulnerability
 q - a scroll of noise
 u - 2 scrolls of torment
 J - a scroll of revelation
Potions
 d - 3 potions of enlightenment
 i - 4 potions of brilliance
 r - a potion of cancellation
 t - a potion of haste
 w - 2 potions of curing
 C - a potion of resistance
 E - a potion of mutation


   Skills:
 + Level 7.6 Fighting
 - Level 2.6 Polearms
 + Level 11.7 Ranged Weapons
 - Level 1.7 Dodging
 - Level 2.0 Spellcasting
 - Level 3.0 Conjurations
 + Level 16.1 Invocations


You had 13 spell levels left.
You knew the following spells:

 Your Spells              Type           Power      Damage    Failure   Level
a - Kiss of Death         Conj/Necr      36%        2d8       14%         1

Your spell library contained the following spells:

 Spells                   Type           Power      Damage    Failure   Level
 Shock                    Conj/Air       36%        1d5       14%         1
 Momentum Strike          Conj/Tloc      18%        3d8       22%         2
 Wereblood                Tmut           2%         N/A       38%         2
 Hailstorm                Conj/Ice       9%         3d4       41%         3
 Frozen Ramparts          Ice            4%         1d1       63%         3
 Swiftness                Air            2%         N/A       63%         3
 Tukima's Dance           Hex            2%         N/A       63%         3
 Iskenderun's Mystic Bla  Conj/Tloc      9%         2d4       82%         4
 Airstrike                Air            1%         2d(1-17)  95%         4
 Dimensional Bullseye     Hex/Tloc       1%         N/A       95%         4
 Petrify                  Tmut/Erth      2%         N/A       95%         4
 Irradiate                Conj/Tmut      4%         3d13      99%         5
 Metabolic Englaciation   Hex/Ice        1%         N/A       100%        5


Dungeon Overview and Level Annotations

Branches:
Dungeon (10/15)            Temple (0/1) D:4            Lair (1/5) D:9
    Orc (0/2) D:10        Ossuary (visited)

Altars:
Cheibriados
Dithmenos
Fedhas
Gozag
Hepliaklqana
Kikubaaqudgha
Nemelex Xobeh
Trog
Uskayaw
Vehumet
Wu Jian
Xom

Shops:
D:6 *   D:9 *

Annotations:
D:3 1 runed translucent door, Crazy Yiuf
D:10 3 runed translucent doors, Kurtz's ghost, journeyman OpFi


Innate Abilities, Weirdness & Mutations

You are partially covered in rugged brown scales. (AC +1, +3% HP)
You sometimes emit foul miasma when damaged in melee.
Spells you cast may paralyse adjacent enemies.
You have a sharp stinger which inflicts weakening toxins.


Message History

Aim: a centaur warrior, wielding a +0 orcbow (lightly wounded, umbra, 76% to hit)
You shoot a bolt. The bolt hits the centaur warrior!
The bolt burns the centaur warrior.
The centaur warrior is heavily wounded.
The centaur warrior shoots an arrow.
You block the arrow with an invisible shield... and reflect it back!
The arrow hits the centaur warrior!
The centaur warrior shoots an arrow.
The arrow hits you!!
* * * LOW HITPOINT WARNING * * *
The centaur warrior shoots an arrow.
The arrow hits you!!
* * * LOW HITPOINT WARNING * * *
Unknown command.
Aiming: Iceblast
Press: ? - help, Shift-Dir - straight line, f/p - centaur warrior
Aim: a centaur warrior, wielding a +0 orcbow (severely wounded, umbra)
The mass of ice explodes!
The iceblast engulfs the centaur warrior!
The centaur warrior is almost dead.
Unknown command.
Fire: l) +9 triple crossbow of Taga {flame, rC+ Int+3 SInv}
Press: ? - help, Q - select action, (/) - cycle Shift-Dir - straight line, f/p - centaur warrior
Aim: a centaur warrior, wielding a +0 orcbow (almost dead, umbra, 76% to hit)
You shoot a bolt. The bolt hits the centaur warrior!
The bolt burns the centaur warrior.
You kill the centaur warrior!
Dithmenos accepts your kill.
Your life force feels restored.
You start resting.
A centaur comes into view.
As you read the scroll of fog, it dissolves into smoke.
Okay, then.
Okay, then.
Aiming: Iceblast
Press: ? - help, Shift-Dir - straight line, f - centaur
Aim: a centaur (black smoke, umbra)
The mass of ice explodes!
The iceblast engulfs the centaur!!
The centaur is severely wounded.
The centaur wields a +0 orcbow.
The centaur shoots an arrow.
The arrow barely misses you.
The centaur shoots an arrow.
The arrow hits you!
You die...

#..## #.... .#.
##... ... ###. #.#
###> #.# #... #§#
#... #§# #... #c#@#
###. #.#§# #####.
#.#c# ### # #..>.>
#.#§#####Z#.#.#####.
#.#§##..#Z.... #.
#)#.c...+W../# #.
#.##....+Z..!. ##.
#....#..+Z..?# #.[
####.#..#Z.... #..


You could see a centaur.

Vanquished Creatures
  A centaur warrior (D:10)
  Erica (D:8)
  3 two-headed ogres (D:9)
  Amaemon (D:9)
  An ugly thing (D:9)
  A manticore (D:7)
  An orange demon (D:9)
  An unseen horror (D:9)
  A komodo dragon (Lair:1)
  Grinder (D:3)
  A hornet (D:10)
  Prince Ribbit (D:9)
  3 wyverns (D:9)
  Eustachio (D:5)
  10 yaks
  2 wraiths (Ossuary)
  A basilisk (D:9)
  A steam dragon (D:10)
  9 water moccasins
  3 orc warriors
  An ice beast (D:6)
  4 black bears
  A sky beast (D:7)
  An ogre (D:5)
  A centaur (D:6)
  A phantom (D:7)
  11 wolves (Lair:1)
  Blork the orc (D:4)
  A gnoll sergeant (D:6)
  2 kobold brigands (D:7)
  12 bullfrogs
  3 scorpions
  10 wights
  4 killer bees (D:9)
  4 hounds
  A jelly (D:4)
  4 orc priests
  A sleepcap (D:7)
  Jessica (D:2)
  14 orc wizards
  3 gnoll boudas
  7 iguanas
  17 gnolls
  9 adders
  A shadow imp (D:7)
  A white imp (D:5)
  An ufetubus (D:5)
  2 adder zombies (Ossuary)
  4 dart slugs
  40 orcs
  3 endoplasms
  A giant cockroach (D:1)
  7 goblins
  2 hobgoblins (D:3)
  8 jackals
  2 quokkas
  7 ball pythons
  3 bats
  A frilled lizard (D:3)
  A hobgoblin skeleton (Ossuary)
  5 hobgoblin zombies (Ossuary)
  20 kobolds
  4 rats
271 creatures vanquished.

Notes
Turn   | Place    | Note
-------+----------+-------------------------------------------
     0 | D:1      | Shayle the Demonspawn Reaver began the quest for the Orb.
     0 | D:1      | Reached XP level 1. HP: 16/16 MP: 3/3
   348 | D:1      | Gained mutation: Spells you cast may paralyse adjacent
                  | enemies. [demonic ancestry]
   348 | D:1      | Reached XP level 2. HP: 5/23 MP: 5/5
   707 | D:2      | Gained mutation: You have a small tail. [demonic ancestry]
   707 | D:2      | Reached XP level 3. HP: 8/30 MP: 4/6
   978 | D:2      | Noticed Jessica
   983 | D:2      | Killed Jessica
  1127 | D:1      | Gained mutation: You are partially covered in rugged brown
                  | scales. (AC +1, +3% HP) [demonic ancestry]
  1127 | D:1      | Reached XP level 4. HP: 7/38 MP: 7/7
  1926 | D:2      | Reached skill level 5 in Fighting
  2008 | D:3      | Identified the +9 triple crossbow of Taga {flame, rC+ Int+3
                  | SInv}
  2062 | D:3      | Found a runed translucent door.
  2063 | D:3      | Noticed Crazy Yiuf
  2102 | D:3      | Noticed Grinder
  2106 | D:3      | Killed Grinder
  2107 | D:3      | Gained mutation: You may rarely emit foul miasma when
                  | damaged in melee. [demonic ancestry]
  2107 | D:3      | Reached XP level 5. HP: 30/48 MP: 8/8
  2107 | D:3      | Reached XP level 6. HP: 34/54 MP: 9/9
  2182 | D:3      | Found a shadowy altar of Dithmenos.
  2196 | D:3      | Became a worshipper of Dithmenos the Shadowed
  2214 | D:3      | Found a blossoming altar of Fedhas.
  2221 | D:3      | Found an ancient bone altar of Kikubaaqudgha.
  2657 | D:4      | Reached skill level 1 in Invocations
  2690 | D:4      | Found a sparkling altar of Nemelex Xobeh.
  2722 | D:4      | Reached skill level 1 in Ranged Weapons
  2737 | D:4      | Reached skill level 2 in Invocations
  2793 | D:4      | Reached * piety under Dithmenos
  2869 | D:4      | Noticed Blork the orc
  2871 | D:4      | Killed Blork the orc
  2872 | D:4      | Reached skill level 3 in Invocations
  2872 | D:4      | Gained mutation: You sometimes emit foul miasma when
                  | damaged in melee. [demonic ancestry]
  2872 | D:4      | Reached XP level 7. HP: 60/60 MP: 10/10
  3080 | D:4      | Found a staircase to the Ecumenical Temple.
  3184 | D:5      | Entered Level 5 of the Dungeon
  3242 | D:5      | Reached skill level 4 in Invocations
  3443 | D:5      | Reached skill level 5 in Invocations
  3444 | D:5      | Noticed Eustachio
  3446 | D:5      | Killed Eustachio
  3447 | D:5      | Reached skill level 6 in Invocations
  3447 | D:5      | Reached XP level 8. HP: 30/66 MP: 10/12
  3808 | D:6      | Reached ** piety under Dithmenos
  3832 | D:6      | Reached skill level 7 in Invocations
  3919 | D:6      | Reached skill level 5 in Ranged Weapons
  4010 | D:6      | Found Qackonn's General Store.
  4017 | D:6      | Bought a scroll of identify for 24 gold pieces
  4017 | D:6      | Bought a scroll of identify for 24 gold pieces
  4017 | D:6      | Bought a scroll of identify for 24 gold pieces
  4083 | D:6      | Reached skill level 8 in Invocations
  4283 | D:6      | Reached skill level 9 in Invocations
  4283 | D:6      | Reached XP level 9. HP: 73/73 MP: 15/15
  4735 | D:6      | Reached skill level 10 in Invocations
  5135 | D:7      | Found a sand-covered staircase.
  5143 | Ossuary  | Entered an ossuary
  5179 | Ossuary  | Reached *** piety under Dithmenos
  5265 | Ossuary  | Reached skill level 11 in Invocations
  5435 | D:7      | Noticed a manticore
  5585 | D:7      | Found an ornate altar of the Wu Jian Council.
  5628 | D:7      | Found a snail-covered altar of Cheibriados.
  5716 | D:7      | Reached **** piety under Dithmenos
  5741 | D:7      | Gained mutation: You have a tail ending in a sharp stinger.
                  | [demonic ancestry]
  5741 | D:7      | Reached XP level 10. HP: 74/79 MP: 18/18
  5851 | D:7      | Killed a manticore
  5852 | D:7      | Reached skill level 12 in Invocations
  6208 | D:8      | Noticed Erica
  6212 | D:8      | Killed Erica
  6344 | D:8      | Found a shimmering altar of Xom.
  6349 | D:8      | Found a shimmering altar of Xom.
  6350 | D:8      | Found a shimmering altar of Xom.
  6359 | D:8      | Found a shimmering altar of Xom.
  6359 | D:8      | Found a shimmering altar of Xom.
  6359 | D:8      | Found a shimmering altar of Xom.
  6360 | D:8      | Found a shimmering altar of Xom.
  6585 | D:8      | Reached skill level 13 in Invocations
  7159 | D:9      | Noticed Amaemon
  7159 | D:9      | Noticed an orange demon
  7159 | D:9      | Noticed a two-headed ogre
  7276 | D:9      | Noticed a cyan ugly thing
  7281 | D:9      | Killed a cyan ugly thing
  7335 | D:9      | Found a radiant altar of Vehumet.
  7347 | D:9      | Killed a two-headed ogre
  7348 | D:9      | Reached skill level 10 in Ranged Weapons
  7357 | D:9      | Found a bloodstained altar of Trog.
  7357 | D:9      | Found a hazy altar of Hepliaklqana.
  7398 | D:9      | Reached skill level 14 in Invocations
  7441 | D:9      | Killed Amaemon
  7442 | D:9      | Gained mutation: You have a sharp stinger which inflicts
                  | weakening toxins. [demonic ancestry]
  7442 | D:9      | Reached XP level 11. HP: 56/85 MP: 21/21
  7644 | D:9      | Noticed a +0 hand axe
  7644 | D:9      | Noticed a +0 hand axe
  7645 | D:9      | Found a hide-covered altar of Uskayaw.
  7710 | D:9      | Noticed a two-headed ogre
  7715 | D:9      | Killed a two-headed ogre
  7824 | D:9      | Found an opulent altar of Gozag.
  7851 | D:9      | Reached ***** piety under Dithmenos
  7892 | D:9      | Reached skill level 15 in Invocations
  7899 | D:9      | Noticed a two-headed ogre
  7915 | D:9      | Killed a two-headed ogre
  8093 | D:9      | Noticed Prince Ribbit
  8097 | D:9      | Killed Prince Ribbit
  8102 | D:9      | Found a staircase to the Lair.
  8193 | D:9      | Found Gozag's Platinum Reserve.
  8260 | D:10     | Entered Level 10 of the Dungeon
  8553 | Lair:1   | Entered Level 1 of the Lair of Beasts
  8721 | Lair:1   | Reached skill level 16 in Invocations
  8873 | Lair:1   | HP: 3/82 [black mamba (14)]
  9115 | Lair:1   | Noticed a boulder beetle
  9336 | D:10     | Found a staircase to the Orcish Mines.
  9467 | D:10     | Found a runed translucent gate.
  9467 | D:10     | Found a runed translucent gate.
  9468 | D:10     | Found a runed translucent gate.
  9470 | D:10     | Noticed Kurtz's ghost (journeyman OpFi)
  9479 | D:10     | Noticed a centaur warrior
  9483 | D:10     | HP: 1/84 [centaur warrior/arrow (20)]
  9485 | D:10     | Killed a centaur warrior
  9500 | D:10     | Shot with an arrow by a centaur

Illustrated notes

Levels and vault maps discovered:
D:1:      dpeg_arrival_circle_labyrinth_c, layout_basic
D:2:      layout_basic, uniq_jessica, uniq_natasha
D:3:      layout_basic, fedhas_altar_2, nicolae_dithmenos_the_darkroom,
          mainiacjoe_overflow_cross_hatched, uniq_grinder,
          uniq_crazy_yiuf_cottage
D:4:      layout_gridville, nemelex_xobeh_ov_fountains_minmay,
          minmay_temple_entry_poolview, kennysheep_path_1, uniq_blork_the_orc
D:5:      layout_rooms, uniq_eustachio
D:6:      layout_basic, serial_shops, shop
D:7:      layout_loops_ring, zin_treasury, nicolae_wu_jian_immortal_techniques,
          mainiacjoe_overflow_small_starburst, enter_ossuary_1, enter_bailey_1,
          grunt_potential
D:8:      layout_gridville, xom_redecorated, mainiacjoe_overflow_paths,
          uniq_erica
D:9:      layout_basic, nicolae_gozag_zags_fifth_avenue,
          grunt_temple_overflow_open, dancing_weapons_uskayaw,
          minmay_lair_entry_grove, uniq_prince_ribbit1, uniq_amaemon
D:10:     layout_loops_ring, led_sif_book, special_room [special_room_orc],
          gammafunk_ghost_necromancy, minmay_misc_feat_ornament,
          hellmonk_guarded_unrand_sphere_of_battle
Lair:1:   layout_regular_city, nzn_sisyphean_effort

Skill      XL: |  1  2  3  4  5  6  7  8  9 10 11 |
---------------+----------------------------------+-----
Fighting       | 3 4 6 7 |  7.6
Invocations    | 3 6 9 11 14 16 | 16.1
Ranged Weapons | 2 4 6 8 10 11 | 11.7
Polearms       | |  2.6
Dodging        | |  1.7
Spellcasting   | |  2.0
Conjurations   | |  3.0

Action                     |  1- 3 |  4- 6 |  7- 9 | 10-12 || total
---------------------------+-------+-------+-------+-------++-------
  Melee: Spear             |    95 |    81 |       |       ||   176
         Tailslap          |     2 |     9 |       |       ||    11
         Punch             |     1 |       |       |       ||     1
   Fire: Triple crossbow   |       |    45 |   197 |   207 ||   449
   Cast: Kiss of Death     |     2 |     1 |       |       ||     3
 Invoke: Shadow Form       |       |       |       |     1 ||     1
  Evoke: Wand              |       |       |     1 |     2 ||     3
    Use: Potion            |     3 |       |     2 |     6 ||    11
         Scroll            |       |       |    12 |    10 ||    22
 Armour: Leather armour    |    55 |    51 |   107 |   126 ||   339
         Ring mail         |       |       |       |    13 ||    13
  Dodge: Dodged            |    60 |    68 |   130 |   112 ||   370
  Block: Other             |       |       |    40 |    58 ||    98
         Reflection        |       |       |     3 |     3 ||     6

Table legend: (Time is in decaauts)
 A = Elapsed time spent in this place.
 B = Non-inter-level travel time spent in this place.
 C = Inter-level travel time spent in this place.
 D = Time resting spent in this place.
 E = Time spent auto-exploring this place.
 F = Levels seen in this place.
 G = Mean time per level.
                   A        B        C        D        E       F      G
               +--------+--------+--------+--------+--------+-----+--------+
         Total |   9925 |   9469 |    456 |   1634 |   4987 |  12 |  827.1 |
       Dungeon |   8954 |   8504 |    450 |   1402 |   4853 |  10 |  895.4 |
          Lair |    725 |    720 |      5 |    232 |    134 |   1 |  725.0 |
       Ossuary |    246 |    246 |      0 |      0 |      0 |   1 |  246.0 |
               +--------+--------+--------+--------+--------+-----+--------+

Top non-repeatable levels by time:
     D:1: 1281 daAuts
     D:9: 1259 daAuts
     D:6: 1167 daAuts
     D:8: 1139 daAuts
     D:7: 1028 daAuts
     D:5: 745 daAuts
  Lair:1: 725 daAuts
     D:2: 688 daAuts
     D:3: 664 daAuts
     D:4: 606 daAuts
    D:10: 373 daAuts
 Ossuary: 246 daAuts
